 Dungeon Crawl Stone Soup version 0.27-a0-686-gaed091b46b (webtiles) character file.

Game seed: 12623240388519809047

0 Anon1729 the Sneak (level 1, -1/12 HPs)
             Began as a Kobold Brigand on Mar 20, 2021.
             Slain by a kobold
             ... wielding a +0 short sword
              (4 damage)
             ... on level 1 of the Dungeon.
             The game lasted 00:00:40 (41 turns).

Anon1729 the Sneak (Kobold Brigand)                   Turns: 41, Time: 00:00:41

Health: -1/12      AC:  3    Str:  8    XL:     1   Next: 11%
Magic:  1/1        EV: 14    Int: 12    God:
Gold:   11         SH:  0    Dex: 16    Spells: 0/0 levels left

rFire    . . .     SeeInvis .   a - +2 dagger
rCold    . . .     Faith    .   (shield restricted)
rNeg     . . .     Spirit   .   b - +0 robe
rPois    .         Reflect  .   (no helmet)
rElec    .         Harm     .   c - +0 cloak
rCorr    .         Rampage  .   (no gloves)
Will     .....                  (no boots)
Stlth    ++++......             (no amulet)
HPRegen  0.04/turn              (no ring)
MPRegen  0.07/turn              (no ring)

@: no status effects
A: small, no large weapons, nightstalker 3
a: no special abilities


You were on level 1 of the Dungeon.
You visited 1 branch of the dungeon, and saw 1 of its levels.

You collected 11 gold pieces.

Inventory:

Hand Weapons
 a - a +2 dagger (weapon)
Missiles
 d - 3 poisoned darts (quivered)
 e - 2 curare-tipped darts
Armour
 b - a +0 robe (worn)
 c - a +0 cloak (worn)
Potions
 f - a potion of lignification {unknown}


   Skills:
 + Level 2.2 Fighting
 + Level 2.7 Short Blades
 + Level 2.2 Throwing
 + Level 1.2 Dodging
 + Level 5.3 Stealth


You couldn't memorise any spells.
You didn't know any spells.
Your spell library was empty.

Dungeon Overview and Level Annotations

Branches:
Dungeon (1/15)

Altars:


Innate Abilities, Weirdness & Mutations

You are small and have problems with some larger weapons.
You are completely attuned to the shadows.


Message History

You closely miss the kobold.
The kobold is moderately wounded.
The frilled lizard bites you.
The kobold hits you with a +0 short sword.
Ouch! That really hurt!
* * * LOW HITPOINT WARNING * * *
You see here a scroll labelled FUL LUDESEL.
You barely miss the frilled lizard. The frilled lizard misses you.
You barely miss the frilled lizard.
Throw: 8 darts (poison)
Press: ? - help, Q - select action, (/) - cycle Shift-Dir - straight line, f - frilled lizard
Aim: a frilled lizard (44% to hit)
You throw a poisoned dart.
The poisoned dart hits the frilled lizard.
The frilled lizard is poisoned.
The frilled lizard closely misses you.
Throw: 7 darts (poison)
Press: ? - help, Q - select action, (/) - cycle Shift-Dir - straight line, f/p - frilled lizard
Aim: a frilled lizard (poisoned, 44% to hit)
You throw a poisoned dart.
The poisoned dart misses the frilled lizard.
The frilled lizard closely misses you.
Throw: 6 darts (poison)
Press: ? - help, Q - select action, (/) - cycle Shift-Dir - straight line, f - kobold, p - frilled lizard
Aim: a kobold, wielding a +0 short sword (55% to hit)
You throw a poisoned dart.
The poisoned dart hits the frilled lizard.
The frilled lizard looks even sicker.
The frilled lizard barely misses you.
You kill the frilled lizard!
Throw: 5 darts (poison)
Press: ? - help, Q - select action, (/) - cycle Shift-Dir - straight line, f/p - kobold
Aim: a kobold, wielding a +0 short sword (55% to hit)
You throw a poisoned dart. The poisoned dart hits the kobold.
Throw: 4 darts (poison)
Press: ? - help, Q - select action, (/) - cycle Shift-Dir - straight line, f/p - kobold
Aim: a kobold, wielding a +0 short sword (55% to hit)
You throw a poisoned dart. The poisoned dart misses the kobold.
The kobold hits you with a +0 short sword.
You die...

###.....#
........+
##.....#
........#
....#.?#####
.##.#...K..#
#.#.####(##
#....K..##
###..@#..####
#...........
#..#.......#
#.###.....##
....#.......#
#. ..........
.....<#....
.....###...
.... ...


You could see a kobold.

Vanquished Creatures
  A frilled lizard (D:1)
1 creature vanquished.

Notes
Turn   | Place    | Note
-------+----------+-------------------------------------------
     0 | D:1      | Anon1729 the Kobold Brigand began the quest for the Orb.
     0 | D:1      | Reached XP level 1. HP: 12/12 MP: 1/1
    41 | D:1      | Slain by a kobold

Illustrated notes

Levels and vault maps discovered:
D:1:      minmay_arrival_five_plusses, layout_basic, serial_park_tiny_pond,
          minmay_pentomino_v2

Action                   || total
-------------------------++-------
Melee: Dagger            ||     9
Throw: Dart              ||     5
Armor: Robe              ||     3
Dodge: Dodged            ||     9

Table legend: (Time is in decaauts)
 A = Elapsed time spent in this place.
 B = Non-inter-level travel time spent in this place.
 C = Inter-level travel time spent in this place.
 D = Time resting spent in this place.
 E = Time spent auto-exploring this place.
 F = Levels seen in this place.
 G = Mean time per level.
                   A        B        C        D        E       F      G
               +--------+--------+--------+--------+--------+-----+--------+
         Total |     39 |     39 |      0 |      0 |     15 |   1 |   39.0 |
       Dungeon |     39 |     39 |      0 |      0 |     15 |   1 |   39.0 |
               +--------+--------+--------+--------+--------+-----+--------+

Top non-repeatable levels by time:
     D:1: 39 daAuts
